 Dungeon Crawl Stone Soup version 0.15.2 (webtiles) character file.

6649 Gartch the Fighter (level 11, -49/102 HPs)
             Began as a Hill Orc Fighter on Jan 25, 2015.
             Was a Priest of Okawaru.
             Annihilated by a titanic slime creature (73 damage)
             ... on Level 9 of the Dungeon on Feb 26, 2015.
             The game lasted 02:19:22 (11435 turns).

Gartch the Fighter (Hill Orc Fighter)              Turns: 11435, Time: 02:19:22

HP -49/102       AC 14     Str 26      XL: 11   Next:  2%
MP  11/11        EV  6     Int  8      God: Okawaru [***...]
Gold 444         SH 11     Dex 10      Spells:  0 memorised, 10 levels left

rFire  . . .     SeeInvis .     O - +1 falchion of Impatience {flame, rElec Str+3}
rCold  . . .     Clarity  .     k - +0 chain mail
rNeg   . . .     rCorr    .     c - +0 shield
rPois  .         rRot     .     (no helmet)
rElec  +         Spirit   .     T - +0 cloak
SustAb .         Warding  .     (no gloves)
rMut   .         Stasis   .     f - +0 pair of boots
Gourm  .                        (no amulet)
MR     .....                    (no ring)
                                (no ring)

@: not resistant to hostile enchantments, extremely unstealthy
A: no striking features
a: Heroism, Renounce Religion


You were on level 9 of the Dungeon.
You worshipped Okawaru.
Okawaru was most pleased with you.
You were hungry.

You visited 2 branches of the dungeon, and saw 10 of its levels.

You collected 444 gold pieces.

Inventory:

Hand weapons
 a - a +1 falchion of holy wrath
 m - a +0 shortbow
 w - a +0 blowgun
 E - a +1 long sword
 J - a +0 shortbow
 O - the +1 falchion of Impatience (weapon) {flame, rElec Str+3}
   (You found it on level 7 of the Dungeon)

   It emits flame when wielded, causing extra injury to most foes and up to
   double damage against particularly susceptible opponents.
   Big, fiery blades are also staple armaments of hydra-hunters.
   It affects your strength (+3).
   It insulates you from electricity.
Missiles
 i - 78 stones (quivered)
 t - a throwing net
 y - 25 sling bullets
 z - 27 poisoned needles
 A - 11 silver bolts
 B - 10 arrows of flame
 K - 57 arrows
 Q - 14 exploding sling bullets
 W - 2 arrows of frost
 Z - 33 bolts
Armour
 b - a +0 scale mail
 c - a +0 shield (worn)
 f - a +0 pair of boots (worn)
 k - a +0 chain mail (worn)
 v - a +0 ring mail
 T - a +0 cloak (worn)
Magical devices
 d - a wand of frost (5) {unknown}
 l - a wand of disintegration (6) {unknown}
 F - a wand of polymorph (10)
 S - a wand of flame (14) {unknown}
 U - a wand of confusion (12) {unknown}
 Y - a wand of polymorph (16)
Comestibles
 g - 3 bread rations
 G - 3 royal jellies
 I - 4 rotting chunks of ogre flesh
 P - 3 meat rations
 X - 2 fruits
Scrolls
 n - 4 scrolls of remove curse
 p - 2 scrolls of random uselessness
 C - 4 scrolls of identify
 N - 2 scrolls of blinking
 R - a scroll of teleportation
Jewellery
 e - an uncursed amulet of clarity {unknown}
Potions
 h - 3 potions of restore abilities
 j - 3 potions of curing
 o - a potion of confusion
 q - 2 potions of heal wounds
 r - a potion of agility {unknown}
 s - 2 potions of resistance
 u - 2 potions of poison {unknown}
 x - 2 potions of cancellation
 D - a potion of magic {unknown}
 H - a potion of cure mutation {unknown}
 L - a potion of degeneration {unknown}
 M - a potion of flight {unknown}


   Skills:
 - Level 11.0 Fighting
 * Level 10.3 Long Blades
 - Level 10.0 Armour
 - Level 7.0 Shields


You had 10 spell levels left.
You didn't know any spells.

Dungeon Overview and Level Annotations

Branches:
Dungeon (9/15)             Temple (1/1) D:4            Lair (0/8) D:8
    Orc: D:9-12

Altars:
Ashenzari
Cheibriados
Dithmenos
Elyvilon
Fedhas
Kikubaaqudgha
Makhleb
Nemelex Xobeh
Okawaru
Qazlal
Sif Muna
Trog
Vehumet
Xom
Yredelemnul
Zin
The Shining One

Shops:
D:5 =[!?%   D:8 (

Annotations:
D:2 Jessica
D:3 Sigmund
D:7 exclusion: oklob plant


Message History

You block the titanic slime creature's attack.
You hit the titanic slime creature. You burn the titanic slime creature.
The titanic slime creature is moderately wounded.
You block the titanic slime creature's attack.
Your chain mail prevents you from hitting the titanic slime creature.
The titanic slime creature is moderately wounded.
You block the titanic slime creature's attack.
You hit the titanic slime creature. You burn the titanic slime creature.
The titanic slime creature is moderately wounded.
You block the titanic slime creature's attack.
You barely miss the titanic slime creature.
The titanic slime creature is moderately wounded.
You slash the titanic slime creature! You burn the titanic slime creature.
The titanic slime creature is heavily wounded.
The titanic slime creature hits you!!!
* * * LOW HITPOINT WARNING * * *
There is a stone staircase leading up here.
The titanic slime creature hits you!!!!
Ouch! That really hurt!
You die...

######## #......#
#......# #######......#
#............############
#................).......
######...#########.......
#...# #..:..## #..@#
##....#. #..J# #....#.
#...##########....#.
#.................#.
#.........#######.#.
#.........# #[#'
#.........# #(..
#####.........# #.(.
#.............# #...


You could see a titanic slime creature.

Vanquished Creatures
  Pikel (D:4)
  A centaur zombie (D:8)
  Psyche (D:8)
  Grinder (D:4)
  A two-headed ogre (D:8)
  A slime creature (D:9)
  2 hippogriffs
  3 wargs (D:7)
  A water moccasin (D:8)
  A sky beast (D:7)
  3 ice beasts
  4 orc warriors
  2 black bears
  4 centaurs
  3 ogres
  7 big kobolds (D:3)
  4 giant frogs
  4 killer bees (D:8)
  A scorpion (D:6)
  A yak skeleton (D:9)
  2 centaur skeletons
  3 crimson imps
  9 jellies
  A two-headed ogre zombie (D:6)
  A goliath beetle (D:6)
  5 orc wizards
  7 orc priests
  An elf skeleton (D:9)
  3 hounds
  3 iguanas
  10 worker ants
  A sky beast zombie (D:7)
  A worker ant zombie (D:7)
  10 adders
  5 gnolls
  A giant mite (D:7)
  A goliath beetle zombie (D:6)
  A worm (D:2)
  An orc zombie (D:8)
  An adder zombie (D:5)
  An orc skeleton (D:6)
  An iguana skeleton (D:6)
  7 giant geckos
  13 oozes (D:7)
  29 orcs
  7 giant cockroaches
  17 hobgoblins
  47 kobolds
  4 quokkas
  15 bats
  A giant gecko zombie (D:7)
  3 giant newts
  10 goblins
  4 jackals
  A quokka skeleton (D:7)
  12 rats
285 creatures vanquished.

Vanquished Creatures (others)
  A worker ant (D:4)
  A bat (D:4)
  A hobgoblin (D:4)
  A rat (D:4)
  5 fungi (D:7)
9 creatures vanquished.

Grand Total: 294 creatures vanquished

Notes
Turn   | Place    | Note
--------------------------------------------------------------
     0 | D:1      | Gartch, the Hill Orc Fighter, began the quest for the Orb.
     0 | D:1      | Reached XP level 1. HP: 19/19 MP: 1/1
   107 | D:1      | Reached skill level 4 in Fighting
   133 | D:1      | Reached XP level 2. HP: 21/27 MP: 2/2
   417 | D:1      | Reached XP level 3. HP: 32/35 MP: 3/3
   442 | D:1      | Reached skill level 5 in Fighting
   821 | D:2      | Noticed Jessica
  1281 | D:2      | Reached XP level 4. HP: 33/42 MP: 4/4
  1677 | D:3      | Reached XP level 5. HP: 25/48 MP: 5/5
  2116 | D:3      | Noticed Sigmund
  2175 | D:3      | Noticed a big kobold
  2221 | D:3      | Killed a big kobold
  2221 | D:3      | Reached skill level 5 in Long Blades
  2410 | D:3      | Noticed a big kobold
  2459 | D:3      | Killed a big kobold
  2459 | D:3      | Reached skill level 6 in Long Blades
  2459 | D:3      | Reached XP level 6. HP: 49/56 MP: 6/6
  2503 | D:3      | Noticed a big kobold
  2568 | D:3      | Killed a big kobold
  2691 | D:3      | Noticed a big kobold
  2700 | D:3      | Killed a big kobold
  2700 | D:3      | Reached XP level 7. HP: 59/61 MP: 7/7
  2825 | D:3      | Reached skill level 5 in Armour
  2831 | D:3      | Noticed a big kobold
  2867 | D:3      | Killed a big kobold
  3013 | D:3      | Noticed a big kobold
  3038 | D:3      | Killed a big kobold
  3078 | D:3      | Noticed a big kobold
  3135 | D:3      | Killed a big kobold
  3693 | D:4      | Noticed Pikel
  3742 | D:4      | Killed Pikel
  3742 | D:4      | Reached skill level 9 in Fighting
  3742 | D:4      | Reached XP level 8. HP: 43/78 MP: 8/8
  4139 | D:4      | Noticed Grinder
  4148 | D:4      | Paralysed by Grinder for 2 turns
  4164 | D:4      | Killed Grinder
  4369 | D:4      | Found a staircase to the Ecumenical Temple.
  4379 | Temple   | Entered the Ecumenical Temple
  4425 | Temple   | Became a worshipper of Warmaster Okawaru
  4714 | D:5      | Entered Level 5 of the Dungeon
  4731 | D:5      | Reached XP level 9. HP: 74/83 MP: 9/9
  4761 | D:5      | Found Gyskung's Distillery.
  4763 | D:5      | Found Showneug's Jewellery Emporium.
  4808 | D:5      | Found Raojiuj's Magic Scroll Shoppe.
  4813 | D:5      | Found Duntycihukk's Armour Shop.
  4843 | D:5      | Found Utiafea's Food Boutique.
  6932 | D:7      | Acquired Okawaru's first power
  7009 | D:7      | Found an iron altar of Okawaru.
  7055 | D:7      | Got a brightly glowing falchion
  7181 | D:7      | Reached skill level 10 in Fighting
  7184 | D:7      | Identified the cursed +1 falchion of Impatience {flame, rElec Str+3} (You found it on level 7 of the Dungeon)
  7370 | D:7      | Noticed an oklob plant
  7467 | D:7      | Reached XP level 10. HP: 79/93 MP: 10/10
  7828 | D:8      | Noticed Psyche
  7862 | D:8      | Killed Psyche
  7862 | D:8      | Reached skill level 5 in Shields
  7986 | D:8      | Found Coehyet's Antique Weapon Shop.
  8280 | D:8      | Found a shimmering altar of Xom.
  9587 | D:8      | Found a staircase to the Lair.
  9616 | D:8      | Reached skill level 11 in Fighting
 10245 | D:8      | Reached skill level 10 in Armour
 10593 | D:9      | Found a bloodstained altar of Trog.
 10749 | D:8      | Reached skill level 10 in Long Blades
 10749 | D:8      | Reached XP level 11. HP: 35/102 MP: 11/11
 11435 | D:9      | Annihilated by a titanic slime creature

Action                   |  1- 3 |  4- 6 |  7- 9 | 10-12 || total
-------------------------+-------+-------+-------+-------++-------
Melee: Long sword        |   172 |   244 |   501 |       ||   917
       Falchion          |       |       |    74 |   428 ||   502
Throw: Stone             |       |    15 |    30 |     5 ||    50
Invok: Heroism           |       |       |       |     1 ||     1
  Use: Scroll            |       |       |    15 |     2 ||    17
       Potion            |       |       |     1 |     2 ||     3
  Eat: Chunk             |     2 |     2 |     9 |    13 ||    26
       Meat ration       |       |     1 |       |       ||     1
       Bread ration      |       |       |     1 |       ||     1
